 Dungeon Crawl Stone Soup version 0.31-a0-620-gd1cbd99268 (webtiles) character file.

Game seed: 7342465515945081241

86550 gruber the Convoker (level 15, -7/124 HPs)
             Began as a Barachi Summoner on Aug 22, 2023.
             Was a High Priest of Sif Muna.
             Killed from afar by a bog body (20 damage)
             ... with a bolt of cold
             ... on level 1 of the Swamp on Aug 23, 2023.
             The game lasted 01:01:45 (31328 turns).

gruber the Convoker (Barachi Summoner)             Turns: 31328, Time: 01:01:46

Health: -7/124     AC: 21    Str: 14    XL:     15   Next: 87%
Magic:  16/32      EV: 15    Int: 26    God:    Sif Muna [*****.]
Gold:   2099       SH:  7    Dex: 13    Spells: 11/40 levels left

rFire   + . .        K - +0 trident (protect)
rCold   . . .        U - +2 buckler
rNeg    . . .        F - +0 leather armour of Sloth {Int+3 Slay+6}
rPois   +            q - +0 helmet
rElec   .            n - +2 cloak {rPois}
rCorr   .            g - +0 pair of gloves
SInv    .            (no boots)
Will    +....        A - amulet of Wafeval {Fragile rPois Regen+ Str+5}
Stlth   ++           H - +4 ring of protection
HPRegen 1.20/turn    X - ring of protection from fire
MPRegen 0.23/turn

%: no passive effects
@: under a protective aura, slowed, very slow
A: amphibious, slowness 1, strong legs 2, +LOS
a: Hop, Renounce Religion, Channel Magic, Forget Spell, Divine Exegesis


You were on level 1 of the Swamp.
You worshipped Sif Muna.
Sif Muna was extremely pleased with you.
You visited 6 branches of the dungeon, and saw 25 of its levels.

You collected 2125 gold pieces.
You spent 26 gold pieces at shops.

Inventory:

Hand Weapons
 K - a +0 trident of protection (weapon)
Missiles
 i - 9 curare-tipped darts
 W - 4 throwing nets
Armour
 g - a +0 pair of gloves (worn)
 n - a +2 cloak of poison resistance (worn)
 q - a +0 helmet (worn)
 z - +0 swamp dragon scales
 F - the +0 leather armour of Sloth (worn) {Int+3 Slay+6}
   (You found it on level 7 of the Dungeon)

   Int+3:     It affects your intelligence (+3).
   Slay+6:    It affects your accuracy & damage with ranged weapons and melee
   (+6).
 U - a +2 buckler (worn)
Jewellery
 a - a +4 ring of slaying
 p - a +5 ring of evasion
 A - the amulet of Wafeval (around neck) {Fragile rPois Regen+ Str+5}
   (You found it on level 5 of the Lair of Beasts)

   [amulet of regeneration]

   Str+5:     It affects your strength (+5).
   rPois:     It protects you from poison Regen+: It increases your rate of
   health regeneration.
   Fragile:   It will be destroyed if unequipped.
 G - a ring of poison resistance
 H - a +4 ring of protection (left hand)
 X - a ring of protection from fire (right hand)
Wands
 B - a wand of mindburst (20)
 E - a wand of flame (57)
 J - a wand of light (22)
 M - a wand of polymorph (1)
 Q - a wand of roots (8)
 R - a wand of paralysis (18)
 Y - a wand of digging (2)
Scrolls
 c - 2 scrolls of fog {unknown}
 d - 2 scrolls of enchant armour {unknown}
 f - 4 scrolls of identify
 h - 4 scrolls of poison {unknown}
 l - 7 scrolls of fear
 m - a scroll of silence {unknown}
 s - 4 scrolls of vulnerability {unknown}
 t - 10 scrolls of teleportation
 u - 4 scrolls of immolation {unknown}
 x - 5 scrolls of blinking {unknown}
 y - 2 scrolls of noise {unknown}
 L - 2 scrolls of amnesia {unknown}
 N - a scroll of butterflies {unknown}
 P - 4 scrolls of revelation {unknown}
 S - a scroll of brand weapon {unknown}
 V - 2 scrolls of enchant weapon {unknown}
Potions
 b - 2 potions of magic
 e - 6 potions of might
 j - 3 potions of heal wounds
 k - 3 potions of resistance
 o - a potion of cancellation
 r - 2 potions of brilliance
 v - 4 potions of lignification
 w - 8 potions of curing
 C - 6 potions of haste
 D - 3 potions of ambrosia
 I - 2 potions of attraction {unknown}
 O - a potion of enlightenment
 T - 3 potions of invisibility
 Z - 3 potions of berserk rage


   Skills:
 - Level 13.4 Fighting
 - Level 9.2 Polearms
 - Level 10.6 Armour
 - Level 10.0 Dodging
 - Level 1.7 Stealth
 - Level 5.7 Shields
 - Level 13.0 Spellcasting
 - Level 18.0 Summonings
 * Level 3.8 Invocations


You had 11 spell levels left.
You knew the following spells:

 Your Spells              Type           Power      Damage    Failure   Level
a - Summon Small Mammal   Summ           100%       N/A       0%          1
b - Call Imp              Summ           100%       N/A       0%          2
c - Call Canine Familiar  Summ           84%        N/A       0%          3
d - Summon Lightning Spi  Summ/Air       59%        N/A       1%          4
e - Summon Guardian Gole  Hex/Summ       59%        N/A       1%          3
f - Summon Cactus Giant   Summ           42%        N/A       1%          6
g - Summon Forest         Summ/Tloc      29%        N/A       3%          5
h - Summon Mana Viper     Hex/Summ       59%        N/A       3%          5

Your spell library contained the following spells:

 Spells                   Type           Power      Damage    Failure   Level
 Summon Hydra             Summ           42%        N/A       2%          7
 Foxfire                  Conj/Fire      64%        2x1d7     5%          1
 Freeze                   Ice            64%        1d7       5%          1
 Slow                     Hex            64%        N/A       5%          1
 Ensorcelled Hibernation  Hex/Ice        32%        N/A       8%          2
 Momentum Strike          Conj/Tloc      32%        3d8       8%          2
 Poisonous Vapours        Pois/Air       32%        N/A       8%          2
 Static Discharge         Conj/Air       32%        2-4/arc   8%          2
 Confusing Touch          Hex            16%        N/A       16%         3
 Frozen Ramparts          Ice            32%        1d5       16%         3
 Hailstorm                Conj/Ice       16%        3d6       16%         3
 Ignite Poison            Fire/Tmut/Pois 16%        N/A       16%         3
 Inner Flame              Hex/Fire       16%        N/A       16%         3
 Vampiric Draining        Necr           16%        2d7       16%         3
 Vhi's Electric Charge    Tloc/Air       32%        N/A       16%         3
 Flame Wave               Conj/Fire      16%        2d7       45%         4
 Fulminant Prism          Conj/Hex       8%         3d6       45%         4
 Leda's Liquefaction      Hex/Erth       8%         N/A       45%         4
 Sticky Flame             Conj/Fire      16%        2d4       45%         4
 Haunt                    Necr/Summ      29%        N/A       73%         7
 Malign Gateway           Summ/Tloc      29%        N/A       73%         7
 Arcjolt                  Conj/Air       8%         1d18      82%         5
 Iskenderun's Battlesphe  Conj           16%        2d7       82%         5
 Lee's Rapid Deconstruct  Erth           8%         3d7*      82%         5
 Eringya's Noxious Bog    Tmut/Pois      8%         4d6       100%        6
 Leda's Unmaking          Conj/Erth      8%         9d2       100%        6
 Simulacrum               Ice/Necr       8%         N/A       100%        6
 Ozocubu's Refrigeration  Ice            8%         4d9       100%        7
 Ignition                 Fire           8%         3d5       100%        8
 Maxwell's Capacitive Co  Air            8%         ∞         100%        8
 Polar Vortex             Ice            8%         12d1*     100%        9


Dungeon Overview and Level Annotations

Branches:
Dungeon (15/15)            Temple (1/1) D:4            Lair (5/5) D:11
  Swamp (1/4) Lair:2        Snake (0/4) Lair:2        Slime (1/5) Lair:4
    Orc (2/2) D:11            Elf (0/3) Orc:2        Vaults (0/5) D:14
 Depths (0/4) D:15

Altars:
Ashenzari
Cheibriados
Dithmenos
Elyvilon
Fedhas
Gozag
Hepliaklqana
Kikubaaqudgha
Makhleb
Nemelex Xobeh
Okawaru
Qazlal
Ru
Sif Muna
Trog
Uskayaw
Vehumet
Wu Jian
Xom
Yredelemnul
Zin
The Shining One

Shops:
D:5 ?   D:8 *   Orc:2 *=[!*?*

Annotations:
D:8 3 runed translucent doors, makewrite's ghost, novice GrGl
D:14 exclusion: obsidian statue
Orc:1 1 runed translucent door


Innate Abilities, Weirdness & Mutations

You are amphibious.
You cover ground slowly.
You can hop long distances.
You have an extended range of vision and can be seen from far away.


Message History

You hit the alligator.
The alligator is severely wounded.
The alligator misses you.
The alligator tail-slaps you but does no damage.
The bog body casts a spell at you. The bolt of cold hits you!!
* * * LOW HITPOINT WARNING * * *
Your cactus giant hits the alligator with a +0 giant spiked club!!
The bog body touches you but does no damage.
The alligator is struck by your cactus giant's spines.
The alligator dies!
Sif Muna accepts your kill.
You see here a book of the Dragon.
Sif Muna grants you a gift!
You feel much better. The bog body closely misses you.
Unknown command.
Unknown command.
Unknown command.
Unknown command.
Reach: K) +0 trident (protect)
Press: ? - help, Dir - move target, f - bog body
Aim: a bog body (moderately damaged, ally target, about 25% to evade your +0 trident of protection)
You puncture the bog body!
The bog body is heavily damaged.
An alligator comes into view.
The bog body touches you but does no damage.
The bog body gestures at you while chanting.
The bolt of cold hits you!!
* * * LOW HITPOINT WARNING * * *
Unknown command.
Unknown command.
Reach: K) +0 trident (protect)
Press: ? - help, Dir - move target, f/p - bog body
Aim: a bog body (heavily damaged, ally target, about 25% to evade your +0 trident of protection)
You hit the bog body.
The bog body is severely damaged.
Your cactus giant closely misses the bog body.
The bog body points at you and mumbles some strange words.
The bolt of cold hits you!!
You die...

,. ♣..
~~.. t..~.
♣♣♣♣.~~...
♣°...~~~~~
♣@C~~.~~~~
♣n)~~.~~~~
♣~~~~.~~~~
♣♣.~..~~~~
..~§.~~~
..~~.~~~
....~§~~
♣...^~~~
♣♣.....


You could see an alligator, a bog body (ally target) and a friendly cactus giant
(summoned).

Vanquished Creatures
  Nessos (Lair:4)
  Harold (Lair:1)
  A vault guard (D:14)
  A centaur warrior (D:13)
  An orc high priest (D:11)
  An elephant (Lair:4)
  A torpor snail (Lair:5)
  3 black mambas
  A cane toad (Lair:2)
  A gargoyle (D:11)
  A rime drake (Lair:2)
  4 komodo dragons
  A troll (D:10)
  2 polar bears
  A blink frog (Lair:2)
  Prince Ribbit (Lair:2)
  3 slime creatures
  3 wyverns
  8 yaks
  A vampire mosquito (D:15)
  2 wargs
  2 sky beasts
  2 ogres (Orc:2)
  6 orc warriors
  9 wolves
  3 boggarts
  A centaur (D:10)
  2 phantoms
  5 bullfrogs
  6 killer bees
  4 howler monkeys
  A hound (D:7)
  6 orc priests
  A gnoll (D:9)
  2 adders
  A white imp (D:7)
  9 orcs
  3 ball pythons
  An endoplasm (D:4)
  2 giant cockroaches (D:3)
  2 goblins
  4 hobgoblins
  3 kobolds
  6 quokkas
  A bat (D:3)
  A frilled lizard (D:1)
  2 rats
124 creatures vanquished.

Vanquished Creatures (collateral kills)
  Gastronok (Lair:1)
  A stone giant (D:15)
  An orc warlord (Orc:1)
  6 vault guards (D:14)
  2 hydras
  2 alligators (Swamp:1)
  3 boulder beetles
  A two-headed ogre (D:8)
  4 death yaks (Lair:5)
  A tengu warrior (D:15)
  11 spriggans
  Sonja (Lair:2)
  A skyshark (Lair:2)
  A spriggan druid (Swamp:1)
  A swamp dragon (Swamp:1)
  2 orc knights (Orc:2)
  A lindwurm (Lair:5)
  A deep elf pyromancer (D:15)
  4 orc sorcerers
  A manticore (D:13)
  4 ugly things
  3 cyclopes
  6 elephants
  A black mamba (Lair:5)
  A molten gargoyle (D:15)
  8 cane toads
  A gargoyle (D:13)
  Maggie (D:8)
  Psyche (D:11)
  2 rime drakes
  5 komodo dragons
  2 unseen horrors
  3 efreet
  2 polar bears
  A meliai (shapeshifter) (D:13)
  4 hornets
  6 trolls
  A troll (shapeshifter) (D:15)
  3 blink frogs (Lair:2)
  35 slime creatures
  Sigmund (D:3)
  2 wyverns
  3 shadows
  32 yaks
  A wraith (D:13)
  2 vampire mosquitoes (D:15)
  9 basilisks
  2 wargs
  2 acid dragons
  A water moccasin (shapeshifter) (D:14)
  6 water moccasins
  An ice beast (D:7)
  A sky beast (D:8)
  31 orc warriors
  6 black bears (Lair:5)
  6 ogres
  37 wolves
  5 boggarts
  9 centaurs
  A phantom (D:5)
  A nameless horror (D:10)
  8 kobold brigands
  3 bullfrogs
  Blork the orc (D:6)
  5 wights (D:8)
  6 killer bees
  4 howler monkeys
  2 jellies
  7 hounds
  9 orc priests
  Crazy Yiuf (D:5)
  2 gnoll boudas
  An iron imp (D:14)
  2 iguanas
  29 orc wizards
  6 adders
  5 gnolls
  5 white imps
  3 ufetubi (D:14)
  A worm (D:2)
  59 orcs
  3 endoplasms
  3 giant cockroaches
  10 hobgoblins
  A quokka (D:4)
  4 ball pythons
  A bat (D:1)
  2 frilled lizards
  5 goblins
  15 kobolds
  3 rats
501 creatures vanquished.

Vanquished Creatures (others)
  A vault guard (D:14)
  A hydra (Lair:4)
  Erica (D:8)
  2 boulder beetles
  A death yak (Lair:5)
  A two-headed ogre (D:9)
  A skyshark (Lair:4)
  4 skeletal warriors (D:11)
  An orc knight (D:10)
  A manticore (D:11)
  An elephant (Lair:4)
  A cane toad (Lair:1)
  A rime drake (Lair:3)
  2 komodo dragons (Lair:1)
  A dream sheep (Lair:5)
  A hornet (Lair:5)
  2 slime creatures
  A spriggan (Lair:5)
  5 yaks
  2 wargs (D:11)
  A water moccasin (Lair:3)
  3 wolves
  A kobold brigand (D:14)
  3 killer bees (D:8)
  An orc (D:10)
  A hobgoblin (D:10)
  2 kobolds (D:9)
  5 snaplasher vines
48 creatures vanquished.

Grand Total: 673 creatures vanquished

Notes
Turn   | Place    | Note
-------+----------+-------------------------------------------
     0 | D:1      | gruber the Barachi Summoner began the quest for the Orb.
     0 | D:1      | Reached XP level 1. HP: 13/13 MP: 3/3
    44 | D:1      | Reached skill level 5 in Summonings
   223 | D:1      | Reached XP level 2. HP: 17/19 MP: 1/5
   277 | D:1      | Learned a level 2 spell: Call Imp
   778 | D:2      | Reached XP level 3. HP: 24/24 MP: 2/6
   832 | D:2      | Reached skill level 6 in Summonings
  1667 | D:3      | Reached XP level 4. HP: 30/30 MP: 4/7
  1855 | D:3      | Noticed Sigmund
  1864 | D:3      | Learned a level 3 spell: Call Canine Familiar
  2007 | D:3      | Killed Sigmund
  2008 | D:3      | Reached skill level 8 in Summonings
  2008 | D:3      | Reached XP level 5. HP: 35/35 MP: 1/8
  2075 | D:3      | Found a bloodstained altar of Trog.
  2103 | D:3      | Reached XP level 6. HP: 41/41 MP: 6/9
  3331 | D:4      | Found a staircase to the Ecumenical Temple.
  3383 | Temple   | Entered the Ecumenical Temple
  3413 | Temple   | Became a worshipper of Sif Muna the Loreminder
  3528 | D:4      | Found a glowing golden altar of the Shining One.
  3580 | D:4      | Reached skill level 9 in Summonings
  4355 | D:5      | Entered Level 5 of the Dungeon
  4443 | D:5      | Found a runed translucent door.
  4444 | D:5      | Noticed Crazy Yiuf
  4695 | D:5      | Reached skill level 10 in Summonings
  4695 | D:5      | Reached XP level 7. HP: 46/46 MP: 2/10
  4948 | D:5      | Learned a level 4 spell: Summon Lightning Spire
  5091 | D:5      | Learned a level 3 spell: Summon Guardian Golem
  5098 | D:5      | Found Keus's Magic Scroll Boutique.
  5144 | D:5      | Bought a scroll of identify for 26 gold pieces
  5229 | D:5      | Reached * piety under Sif Muna
  5537 | D:5      | Killed Crazy Yiuf
  5633 | D:6      | Reached skill level 5 in Spellcasting
  5643 | D:6      | Reached XP level 8. HP: 52/52 MP: 12/15
  6085 | D:6      | Reached skill level 1 in Fighting
  6094 | D:6      | Noticed Blork the orc
  6100 | D:6      | Killed Blork the orc
  6195 | D:6      | Identified the +4 battleaxe "Vuckis" {heavy, *Corrode rF+
                  | Str+3 Dex+2}
  6377 | D:6      | Noticed a troll
  6388 | D:6      | Killed a troll
  6389 | D:6      | Reached skill level 5 in Fighting
  6619 | D:6      | Found a radiant altar of Vehumet.
  6619 | D:6      | Found a sparkling altar of Nemelex Xobeh.
  6645 | D:7      | Identified the +0 leather armour of Sloth {Int+3 Slay+6}
  6726 | D:7      | Reached skill level 1 in Armour
  6906 | D:7      | Reached XP level 9. HP: 69/69 MP: 14/18
  7156 | D:7      | Reached skill level 5 in Armour
  7221 | D:7      | Reached ** piety under Sif Muna
  7327 | D:7      | Reached skill level 5 in Dodging
  7919 | D:8      | Found an ancient bone altar of Kikubaaqudgha.
  8005 | D:8      | Noticed Maggie
  8023 | D:8      | Killed Maggie
  8024 | D:8      | Reached XP level 10. HP: 52/76 MP: 5/19
  8175 | D:8      | Noticed Erica
  8188 | D:8      | Killed Erica
  8200 | D:8      | Reached skill level 10 in Dodging
  8298 | D:8      | Found Usmymp's Assorted Antiques.
  8401 | D:8      | Noticed a manticore
  8401 | D:8      | Noticed a centaur warrior
  8413 | D:8      | Noticed a kobold demonologist
  8413 | D:8      | Noticed a gargoyle
  8414 | D:8      | Noticed a cyclops
  8414 | D:8      | Noticed a cyclops
  8628 | D:8      | Found a runed translucent gate.
  8628 | D:8      | Found a runed translucent gate.
  8629 | D:8      | Found a runed translucent gate.
  8629 | D:8      | Noticed makewrite's ghost (novice GrGl)
  8752 | D:9      | Noticed a two-headed ogre
  8866 | D:8      | Killed a two-headed ogre
  8867 | D:8      | Reached skill level 11 in Summonings
  9222 | D:9      | Noticed a two-headed ogre
  9229 | D:9      | Killed a two-headed ogre
  9272 | D:9      | Reached *** piety under Sif Muna
  9350 | D:9      | Reached XP level 11. HP: 74/81 MP: 11/20
  9440 | D:9      | Reached skill level 5 in Polearms
  9850 | D:10     | Entered Level 10 of the Dungeon
  9866 | D:10     | Found a burning altar of Makhleb.
 10681 | D:10     | Noticed an orc knight
 10704 | D:10     | Killed an orc knight
 11872 | D:11     | Noticed a skeletal warrior
 11878 | D:11     | Noticed a skeletal warrior
 11881 | D:11     | Noticed a skeletal warrior
 11881 | D:11     | Noticed a skeletal warrior
 11889 | D:11     | Noticed a boulder beetle
 12258 | D:11     | Noticed a manticore
 12272 | D:11     | Killed a manticore
 12345 | D:11     | Found a staircase to the Orcish Mines.
 12444 | D:11     | Killed a boulder beetle
 12573 | D:11     | Noticed Psyche
 12591 | D:11     | Killed Psyche
 12613 | D:11     | Reached **** piety under Sif Muna
 12945 | D:11     | Killed a skeletal warrior
 13137 | D:11     | Killed a skeletal warrior
 13138 | D:11     | Reached XP level 12. HP: 81/95 MP: 3/21
 13339 | D:11     | Noticed a boulder beetle
 13363 | D:11     | Killed a boulder beetle
 13364 | D:11     | Reached skill level 10 in Fighting
 13467 | D:11     | Found a staircase to the Lair.
 13661 | D:11     | Reached skill level 12 in Summonings
 14235 | D:12     | Reached skill level 13 in Summonings
 14444 | D:12     | Identified the +7 mace "Possomo" {freeze, rCorr Int+2
                  | Dex+5}
 14635 | D:12     | Reached skill level 14 in Summonings
 15075 | Lair:1   | Entered Level 1 of the Lair of Beasts
 15168 | Lair:1   | Noticed Harold
 15180 | Lair:1   | Killed Harold
 15185 | Lair:1   | Reached skill level 15 in Summonings
 15392 | Lair:1   | Reached ***** piety under Sif Muna
 15773 | Lair:1   | Gained mutation: You can hop long distances. [Barachi
                  | growth]
 15773 | Lair:1   | Reached XP level 13. HP: 76/103 MP: 19/22
 15785 | Lair:1   | Reached skill level 16 in Summonings
 16057 | Lair:1   | Noticed Gastronok
 16071 | Lair:1   | Killed Gastronok
 16957 | Lair:2   | Reached skill level 17 in Summonings
 17140 | Lair:2   | Found a staircase to the Snake Pit.
 17201 | Lair:2   | Received a gift from Sif Muna
 17233 | Lair:2   | Noticed Sonja
 17253 | Lair:2   | Killed Sonja
 17444 | Lair:2   | Got Sif Muna's Elucidation of Distorted Bad Luck {god gift}
 17712 | Lair:2   | Found a staircase to the Swamp.
 18008 | Lair:2   | Reached skill level 18 in Summonings
 18179 | Lair:2   | Noticed Prince Ribbit
 18192 | Lair:2   | Killed Prince Ribbit
 18396 | Lair:2   | Upgraded the game from 0.31-a0-618-g7ca08c1ff9 to
                  | 0.31-a0-620-gd1cbd99268
 20216 | Lair:4   | Reached skill level 10 in Armour
 20401 | Lair:4   | Reached XP level 14. HP: 110/110 MP: 10/23
 20523 | Lair:4   | Found a staircase to the Slime Pits.
 20538 | Lair:4   | Noticed Nessos
 20561 | Lair:4   | Killed Nessos
 21253 | Lair:5   | Entered Level 5 of the Lair of Beasts
 21854 | Lair:5   | Received a gift from Sif Muna
 22019 | Lair:5   | Reached skill level 10 in Spellcasting
 22184 | Lair:4   | Learned a level 6 spell: Summon Cactus Giant
 22190 | Lair:4   | Learned a level 5 spell: Summon Forest
 22196 | Lair:4   | Learned a level 5 spell: Summon Mana Viper
 22231 | Slime:1  | Entered Level 1 of the Pits of Slime
 22946 | Lair:5   | Identified the amulet of Wafeval {Fragile rPois Regen+
                  | Str+5}
 23207 | Lair:5   | Received a gift from Sif Muna
 23210 | Lair:5   | Got Sif Muna's Thoughts on Turbulent Rot {god gift}
 23487 | Lair:5   | Found a broken altar of Ashenzari.
 25366 | D:14     | Found a broken altar of Ashenzari.
 25478 | D:14     | Reached XP level 15. HP: 88/115 MP: 17/31
 26457 | D:14     | Found a gate to the Vaults.
 26931 | D:14     | Received a gift from Sif Muna
 27768 | D:15     | Entered Level 15 of the Dungeon
 27858 | D:15     | Found a white marble altar of Elyvilon.
 28177 | D:15     | Found a staircase to the Depths.
 28737 | D:15     | Reached skill level 1 in Shields
 28886 | D:15     | Found a hazy altar of Hepliaklqana.
 28888 | D:15     | Found a faded altar of an unknown god.
 29060 | Orc:1    | Entered Level 1 of the Orcish Mines
 29671 | Orc:1    | Found a runed translucent door.
 29674 | Orc:1    | Noticed a balrug
 29747 | Orc:2    | Entered Level 2 of the Orcish Mines
 29747 | Orc:2    | Found a staircase to the Elven Halls.
 29769 | Orc:2    | Noticed an orc warlord
 29798 | Orc:1    | Killed an orc warlord
 29927 | Orc:2    | Received a gift from Sif Muna
 29928 | Orc:2    | Reached skill level 5 in Shields
 30037 | Orc:2    | Got Sif Muna's Codex of the Vector and Power {god gift}
 30242 | Orc:2    | Reached skill level 1 in Invocations
 30580 | Orc:2    | Found Okyirph's Distillery.
 30580 | Orc:2    | Found Jetwoam's Armour Shoppe.
 30583 | Orc:2    | Found Waeqecvyo's Jewellery Emporium.
 30585 | Orc:2    | Found Quvit's Assorted Antiques.
 30651 | Orc:2    | Found Seav Nei's Assorted Antiques.
 30767 | Orc:2    | Found Pazxyos's Magic Scroll Emporium.
 30931 | Orc:2    | Found Zopricve's General Store.
 31304 | Swamp:1  | Entered Level 1 of the Swamp
 31325 | Swamp:1  | Received a gift from Sif Muna
 31328 | Swamp:1  | Killed from afar by a bog body

Illustrated notes

Levels and vault maps discovered:
D:1:      dpeg_arrival_simpleton_c, layout_rooms
D:2:      layout_basic, corexii_shack
D:3:      layout_basic, trog_book, uniq_sigmund
D:4:      layout_loops_ring, nicolae_tso_carved_into_rock,
          minmay_temple_entry_crystal_x
D:5:      layout_loops_cross, serial_shops, shop, uniq_crazy_yiuf_cottage
D:6:      layout_basic, gammafunk_temple_overflow_elements, minivault_26,
          uniq_blork_the_orc
D:7:      layout_loops_ring
D:8:      layout_cave_pools, nicolae_kikubaaqudgha_miasma_corner,
          biasface_ghost_orc_armoury, serial_shops,
          nicolae_shop_tiny_statue_garden, minivault_12, uniq_erica, uniq_maggie
D:9:      layout_cave_pools
D:10:     cheibrodos_orc_bank, layout_grid_maze, lemuel_round_altar,
          billiards_dpeg
D:11:     layout_cave_pools, erik_lair_orcish_takeover, orc_0_dummy, uniq_psyche
D:12:     layout_basic
D:13:     layout_long_grid
D:14:     kennysheep_kobold_grotto, layout_cave_pods, erik_vaults_2,
          minmay_parallelograms, evilmike_ruin_ashenzari
D:15:     grunt_enter_depths_giant_problem, layout_gridville, elyvilon_altar_3,
          beargit_hepliaklqana_dungeon_heroes
Temple:   nicolae_temple_elliptical
Lair:1:   layout_cave_pods, serial_bayou_shore_b, lemuel_fruit_tree,
          grunt_megastairs_5, uniq_harold, uniq_gastronok
Lair:2:   layout_chaotic_city, swamp_mist_pool, guppyfry_snake_entry_garden,
          beast_lair_carwin_3, uniq_sonja, uniq_prince_ribbit2
Lair:3:   layout_hall_layers, kilobyte_rumbling_trees, grunt_megastairs_4
Lair:4:   layout_loops_ring, slime_entry_1, grunt_megastairs_3, uniq_nessos
Lair:5:   minmay_lair_end_enchanted_forest, layout_hall_layers, basic_altar
Swamp:1:  layout_basic_swamp, serial_swamp_ruin, evilmike_swamp_ruin_house_4,
          evilmike_swamp_ruin_rubble_2, evilmike_swamp_ruin_house_3
Slime:1:  layout_caves
Orc:1:    dreamdust_dug_too_deep, layout_diamond_mine
Orc:2:    st_orc_rangers, layout_caves, enter_volcano_4, serial_shops,
          nicolae_shop_dealshenge, nicolae_shop_behind_doors, nicolae_shop_trees

Skill      XL: |  1  2  3  4  5  6  7  8  9 10 11 12 13 14 15 |
---------------+----------------------------------------------+-----
Summonings     | 5 6 8 10 11 15 18 | 18.0
Spellcasting   | 5 6 12 13 | 13.0
Fighting       | 6 9 10 13 | 13.4
Armour         | 2 6 10 | 10.6
Dodging        | 8 10 | 10.0
Polearms       | 4 9 |  9.2
Shields        | 5 |  5.7
Invocations    | 3 |  3.8
Stealth        | |  1.7

Action                     |  1- 3 |  4- 6 |  7- 9 | 10-12 | 13-15 || total
---------------------------+-------+-------+-------+-------+-------++-------
  Melee: Unarmed           |    57 |       |       |       |       ||    57
         Punch             |     1 |     1 |       |     1 |     1 ||     4
         Short sword       |    14 |    75 |     5 |       |       ||    94
         Dagger            |       |       |    84 |    15 |       ||    99
         Trident           |       |       |       |   176 |   468 ||   644
   Cast: Summon Small Mamm |    41 |    16 |    30 |    30 |    47 ||   164
         Call Imp          |     4 |     8 |    15 |    17 |    26 ||    70
         Call Canine Famil |       |    23 |    50 |    89 |   145 ||   307
         Summon Guardian G |       |       |     1 |    42 |    59 ||   102
         Summon Lightning  |       |       |     1 |    16 |    21 ||    38
         Summon Cactus Gia |       |       |       |       |    80 ||    80
         Summon Mana Viper |       |       |       |       |    56 ||    56
         Summon Forest     |       |       |       |       |    31 ||    31
 Invoke: Channel Magic     |       |       |       |       |     2 ||     2
Ability: Hop               |       |       |       |     2 |     4 ||     6
  Evoke: Wand              |       |       |       |       |     2 ||     2
    Use: Scroll            |       |       |     7 |     3 |     6 ||    16
         Potion            |       |       |       |       |     1 ||     1
   Stab: Distracted        |     1 |       |       |     7 |    15 ||    23
         Sleeping          |     2 |     2 |       |     3 |       ||     7
         Paralysed         |       |       |       |       |     5 ||     5
 Armour: Robe              |    16 |    14 |    11 |       |       ||    41
         Leather armour    |       |       |    10 |    94 |   190 ||   294
  Dodge: Dodged            |    44 |    72 |   107 |   150 |   365 ||   738
  Block: Buckler           |       |       |       |       |    45 ||    45

Table legend: (Time is in decaauts)
 A = Elapsed time spent in this place.
 B = Non-inter-level travel time spent in this place.
 C = Inter-level travel time spent in this place.
 D = Time resting spent in this place.
 E = Time spent auto-exploring this place.
 F = Levels seen in this place.
 G = Mean time per level.
                   A        B        C        D        E       F      G
               +--------+--------+--------+--------+--------+-----+--------+
         Total |  34328 |  32491 |   1837 |   2024 |  25088 |  25 | 1373.1 |
       Dungeon |  22173 |  20850 |   1323 |   1032 |  16443 |  15 | 1478.2 |
        Temple |     62 |      8 |     54 |      0 |      7 |   1 |   62.0 |
          Lair |   9903 |   9543 |    360 |    875 |   7150 |   5 | 1980.6 |
         Swamp |     27 |     27 |      0 |      0 |      0 |   1 |   27.0 |
    Slime Pits |     12 |     12 |      0 |      0 |      0 |   1 |   12.0 |
  Orcish Mines |   2149 |   2051 |     98 |    117 |   1487 |   2 | 1074.5 |
               +--------+--------+--------+--------+--------+-----+--------+

Top non-repeatable levels by time:
  Lair:5: 2697 daAuts
    D:14: 2623 daAuts
    D:10: 2560 daAuts
  Lair:4: 2027 daAuts
  Lair:1: 1951 daAuts
    D:11: 1826 daAuts
  Lair:2: 1746 daAuts
     D:3: 1648 daAuts
    D:12: 1628 daAuts
  Lair:3: 1479 daAuts
     D:8: 1404 daAuts
     D:7: 1400 daAuts
     D:5: 1393 daAuts
     D:4: 1348 daAuts
   Orc:2: 1348 daAuts
